AoeStats
← powerkek

Arabia

509361400Analyzed
4v4 RM · 5d ago on Sep 26, 2026· 64m 36s· 8 players
Game mode
Random Map
Map size
Large (8 player)
Population
200
Speed
Normal
Resources
Standard
Victory
Conquest
Starting age
Dark Age
Ending age
Imperial Age
RankedLock teamsTeams togetherTeam positionsShared explorationLock speedFull tech treeHidden civsTurbo modeCheats
Victory
Defeat
🇨🇳 Franks · China
1091
+11
🇨🇦 Khmer · Canada
1013
+14
🇨🇦 Italians · Canada
1011
+14
🇨🇳 Celts · China
896
+19
🇩🇪 Japanese · Germany
1005
-16
🇳🇴 Vietnamese · Norway
964
-14
🇸🇰 Franks · Slovakia
956
-14
🇸🇰 Hindustanis · Slovakia
951
-14
powerkek
10:47 Feudal Age
11:17 Loom
11:26 Horse Collar
11:48 Double-Bit Axe
13:18 Wheelbarrow
20:07 Castle Age
22:34 Fletching
22:45 Padded Archer Armor
25:13 Gold Mining
30:32 Stone Mining
30:50 Scale Mail Armor
32:10 Hand Cart
32:12 Town Watch
33:29 Sanctity
33:24 Redemption
35:15 Chain Mail Armor
35:11 Forging
35:27 Bow Saw
36:01 Fervor
38:00 Thumb Ring
39:02 Gold Shaft Mining
39:24 Iron Casting
42:15 Imperial Age
40:31 Grand Trunk Road
41:11 Leather Archer Armor
42:27 Heavy Plow
43:08 Stone Shaft Mining
43:58 Blast Furnace
43:39 Block Printing
43:40 Caravan
43:35 Elite Ghulam
44:43 Conscription
45:02 Squires
44:49 Arson
47:03 Hoardings
47:37 Ring Archer Armor
57:32 Chemistry
56:39 Siege Engineers
59:18 Shatagni
61:30 Ballistics
61:21 Masonry
61:22 Fortified Wall
63:46 Pikeman
Iraqi Fairy Queen
7:28 Loom
10:40 Feudal Age
12:33 Double-Bit Axe
16:14 Forging
22:49 Castle Age
22:31 Scale Barding Armor
24:08 Husbandry
26:19 Iron Casting
25:45 Gold Mining
27:11 Chain Barding Armor
28:49 Wheelbarrow
29:04 Gold Shaft Mining
41:26 Imperial Age
41:29 Cavalier
42:52 Plate Barding Armor
43:17 Blast Furnace
43:58 Paladin
52:11 Caravan
62:00 Light Cavalry
Pangaea
7:23 Loom
9:40 Feudal Age
10:14 Double-Bit Axe
10:14 Horse Collar
19:58 Castle Age
18:44 Gold Mining
19:35 Forging
20:16 Scale Mail Armor
20:15 Fletching
21:20 Pikeman
22:06 Padded Archer Armor
24:32 Bow Saw
24:29 Heavy Plow
27:00 Bodkin Arrow
30:50 Ballistics
34:32 Imperial Age
37:48 Conscription
38:23 Halberdier
39:20 Yasama
41:17 Guard Tower
42:28 Chemistry
41:39 Bracer
41:55 Leather Archer Armor
42:50 Keep
43:53 Parthian Tactics
43:44 Murder Holes
44:25 Ring Archer Armor
44:14 Chain Mail Armor
44:34 Iron Casting
45:23 Bloodlines
45:13 Husbandry
44:44 Heavy Cavalry Archer
46:58 Wheelbarrow
48:44 Conscription
49:53 Hoardings
52:13 Hand Cart
53:13 Plate Mail Armor
60:05 Two-Man Saw
60:45 Thumb Ring
63:01 Onager
63:04 Heavy Scorpion
Celtezz
7:22 Loom
9:40 Feudal Age
10:06 Double-Bit Axe
14:57 Fletching
18:04 Horse Collar
24:57 Castle Age
24:19 Padded Archer Armor
24:14 Gold Mining
25:01 Crossbowman
25:47 Thumb Ring
26:37 Wheelbarrow
26:35 Bodkin Arrow
27:54 Leather Archer Armor
Thebeast2810
9:42 Feudal Age
9:19 Loom
10:18 Double-Bit Axe
13:46 Horse Collar
15:57 Fletching
17:50 Padded Archer Armor
24:46 Castle Age
26:12 Wheelbarrow
25:50 Bow Saw
25:29 Crossbowman
26:07 Bodkin Arrow
26:28 Leather Archer Armor
26:13 Gold Mining
29:22 Heavy Plow
30:01 Thumb Ring
35:07 Hand Cart
35:48 Stone Mining
43:22 Imperial Age
44:26 Bracer
44:56 Ring Archer Armor
44:27 Arbalester
46:21 Chemistry
45:42 Ballistics
45:33 Fortified Wall
45:34 Masonry
46:31 Town Watch
46:49 Scale Mail Armor
47:00 Forging
48:21 Chain Mail Armor
47:53 Arrowslits
49:55 Conscription
51:36 Hoardings
51:15 Elite Genoese Crossbowman
56:08 Architecture
55:15 Pikeman
56:27 Town Patrol
58:21 Squires
58:07 Arson
59:07 Plate Mail Armor
59:13 Iron Casting
58:44 Scale Barding Armor
58:58 Treadmill Crane
58:54 Light Cavalry
60:04 Hussar
60:57 Bloodlines
60:50 Husbandry
64:46 Chain Barding Armor
65:27 Blast Furnace
aymoredsox
7:36 Loom
10:05 Feudal Age
11:38 Double-Bit Axe
17:10 Scale Barding Armor
17:41 Bloodlines
17:29 Horse Collar
24:21 Castle Age
26:17 Husbandry
30:51 Forging
36:23 Imperial Age
35:06 Ballistics
38:01 Conscription
42:03 Cavalier
43:58 Wheelbarrow
43:38 Bow Saw
43:34 Heavy Plow
43:45 Double Crossbow
44:42 Elite Battle Elephant
47:49 Heavy Scorpion
50:48 Chain Barding Armor
51:03 Iron Casting
52:00 Devotion
56:13 Siege Engineers
58:27 Light Cavalry
59:41 Hussar
65:50 Chemistry
XIXXIXXI
5:50 Loom
11:44 Feudal Age
15:03 Double-Bit Axe
17:41 Wheelbarrow
20:31 Castle Age
23:22 Hand Cart
23:31 Forging
23:21 Scale Mail Armor
24:05 Bow Saw
23:54 Horse Collar
32:23 Ballistics
36:16 Imperial Age
35:44 Town Watch
37:45 Heavy Plow
37:41 Gold Mining
37:41 Stone Mining
38:05 Fletching
38:15 Padded Archer Armor
39:53 Conscription
43:29 Iron Casting
43:09 Chain Mail Armor
42:51 Bodkin Arrow
45:01 Gold Shaft Mining
45:01 Stone Shaft Mining
45:18 Town Patrol
45:19 Pikeman
45:22 Elite Woad Raider
46:51 Stone Shaft Mining
47:45 Siege Engineers
48:17 Capped Ram
51:44 Furor Celtica
51:55 Heavy Scorpion
53:42 Blast Furnace
53:12 Plate Mail Armor
59:50 Halberdier
夜鹰Hawk
10:28 Feudal Age
10:00 Loom
11:14 Double-Bit Axe
15:53 Scale Barding Armor
17:14 Wheelbarrow
19:43 Castle Age
20:54 Bow Saw
21:25 Gold Mining
23:58 Chain Barding Armor
25:18 Forging
26:56 Iron Casting
28:40 Husbandry
29:29 Hand Cart
33:44 Imperial Age
33:51 Imperial Age
35:10 Gold Shaft Mining
34:25 Stone Mining
35:05 Cavalier
37:15 Ballistics
38:05 Plate Barding Armor
39:48 Conscription
40:59 Blast Furnace
39:50 Fletching
40:08 Siege Engineers
40:48 Chivalry
41:14 Paladin
43:38 Bodkin Arrow
44:47 Coinage
44:15 Light Cavalry
49:02 Banking
Connection lost

Rejoining the realm…

Still unreachable

The connection could not be restored.

Session expired

The server has moved on; the page needs a fresh start.